 Dungeon Crawl Stone Soup version 0.24.1-8-ga250c9d538 (webtiles) character file.

Game seed: 5860507609582479778, levelgen mode: deterministic

24 H0rd4k the Magician (level 2, -4/15 HPs)
             Began as a Deep Elf Wizard on May 7, 2020.
             Slain by Natasha (10 damage)
             ... on level 2 of the Dungeon.
             The game lasted 00:01:18 (943 turns).

H0rd4k the Magician (Deep Elf Wizard)                Turns: 943, Time: 00:01:19

Health: -4/15      AC:  2    Str:  4    XL:     2   Next: 79%
Magic:  8/10       EV: 13    Int: 22    God:
Gold:   83         SH:  0    Dex: 13    Spells: 11/12 levels left

rFire    . . .     SeeInvis .   (no weapon)
rCold    . . .     Gourm    .   (no shield)
rNeg     . . .     Faith    .   a - +0 robe
rPois    .         Spirit   .   b - +0 hat
rElec    .         Reflect  .   (no cloak)
rCorr    .         Harm     .   (no gloves)
MR       .....                  (no boots)
Stlth    ++........             (no amulet)
HPRegen  0.05/turn              (no ring)
MPRegen  0.12/turn              (no ring)

@: slowed, very slow
A: no striking features
a: no special abilities


You were on level 2 of the Dungeon.
You were not hungry.

You visited 1 branch of the dungeon, and saw 2 of its levels.

You collected 83 gold pieces.

Inventory:

Armour
 a - a +0 robe (worn)
 b - a +0 hat (worn)
Jewellery
 e - an uncursed ring of fire {unknown}
 f - an uncursed amulet of magic regeneration {unknown}
Scrolls
 h - a scroll of amnesia {unknown}
 j - 4 scrolls of teleportation {unknown}
 m - a scroll of fear {unknown}
 o - a scroll of enchant weapon {unknown}
 q - a scroll of identify {unknown}
 r - a scroll of remove curse {unknown}
Potions
 c - a potion of degeneration {unknown}
 g - a potion of berserk rage {unknown}
 i - a potion of lignification {unknown}
 k - a potion of mutation {unknown}
 l - a potion of might {unknown}
 n - a potion of cancellation {unknown}
 p - a potion of curing {unknown}
Comestibles
 d - 2 rations


   Skills:
 + Level 2.6 Dodging
 + Level 2.6 Stealth
 + Level 5.5 Spellcasting
 + Level 1.1 Conjurations
   Level 1.1 Summonings
   Level 1.1 Translocations


You had 11 spell levels left.
You knew the following spells:

 Your Spells              Type           Power        Failure   Level  Hunger
a - Magic Dart            Conj           ##..         6%          1    None

Your spell library contained the following spells:

 Spells                   Type           Power        Failure   Level  Hunger
 Blink                    Tloc           N/A          10%         2    None
 Call Imp                 Summ           ##......     10%         2    None
 Slow                     Hex            #.......     14%         2    None
 Conjure Flame            Conj/Fire      #.......     22%         3    ##.....
 Mephitic Cloud           Conj/Pois/Air  #.......     24%         3    ##.....


Dungeon Overview and Level Annotations

Branches:
Dungeon (2/15)

Altars:

Annotations:
D:2 Natasha


Message History

Aim: Natasha The magic dart hits Natasha but does no damage.
Natasha closely misses you.
Casting: Magic Dart (safe; 6% risk of failure)
Confirm with . or Enter, or press ? or * to list all spells.
You don't know that spell.
Casting: Magic Dart (safe; 6% risk of failure)
Confirm with . or Enter, or press ? or * to list all spells.
You don't know that spell.
Natasha mumbles some strange words.
Natasha barely misses you.
Natasha mumbles some strange words.
You feel troubled.
The crimson imp blinks!
Natasha stares at you and mumbles some strange words.
You resist with significant effort.
There is a stone staircase leading down here.
Natasha claws you!
Ouch! That really hurt!
You die...

#.##..###.'.......)...# #
#.......#####........## ##
#.####..<.# ###...8..# ######>
#.# ###..# ###...## # ....... #.#
#..# ####.###. #####. #.# #..#
#.##.#..# ## #.# #..#
##.#.(##.##########
#.######..#####..h5###...........
#...............@#.###..#########
########..(......#.5....#########
##.####...###.##.#........ #.#
##.####.##.#.######. #.#
#.#............# #.#
#......##.#.##.# #.#
#...#####.#.##.# #.# #...#
#>###### #.# #...# #..


You could see Natasha and a crimson imp.

Vanquished Creatures
  A dart slug (D:1)
  A leopard gecko (D:1)
  2 goblins (D:1)
  5 hobgoblins
  4 kobolds
  A bat (D:1)
  2 frilled lizards (D:2)
  5 rats
21 creatures vanquished.

Notes
Turn   | Place    | Note
-------+----------+-------------------------------------------
     0 | D:1      | H0rd4k the Deep Elf Wizard began the quest for the Orb.
     0 | D:1      | Reached XP level 1. HP: 10/10 MP: 7/7
   106 | D:1      | Reached skill level 5 in Spellcasting
   106 | D:1      | Reached XP level 2. HP: 3/15 MP: 0/10
   933 | D:2      | Noticed Natasha
   941 | D:2      | Noticed a crimson imp
   943 | D:2      | Slain by Natasha

Levels and vault maps discovered:
D:1:      nicolae_arrival_memento_mori, layout_basic
D:2:      minmay_skewed_foursquare, layout_loops_ring,
          nicolae_ru_the_path_less_chosen, kiku_gazebo_pond_becter,
          first_ration, uniq_natasha

Skill      XL: |  1 |
---------------+----+-----
Spellcasting   | 5 |  5.5
Dodging        | |  2.6
Stealth        | |  2.6
Conjurations   | |  1.1
Summonings     | |  1.1
Translocations | |  1.1

Action                   || total
-------------------------++-------
 Cast: Magic Dart        ||    44
Dodge: Dodged            ||     4
